 Dungeon Crawl Stone Soup version 0.14-a0-3315-g09e681a (webtiles) character file.

1544 Kae the Basher (level 8, 0/64 HPs)
             Began as a Minotaur Fighter on Mar 15, 2014.
             Was a Believer of Okawaru.
             Slain by an unseen horror (5 damage)
             ... on Level 6 of the Dungeon.
             The game lasted 00:07:17 (4818 turns).

Kae the Basher (Minotaur Fighter)                   Turns: 4818, Time: 00:07:17

HP   0/64        AC  9     Str 23      XL: 8   Next: 41%
MP   1/3         EV  8     Int  5      God: Okawaru [**....]
Gold 152         SH 22     Dex 10      Spells:  0 memorised,  7 levels left

rFire  + . .     SeeInvis .     a - +0,-1 flail
rCold  . . .     Clarity  .     r - +0 scale mail {rPois}
rNeg   . . .     Conserve .     c - -1 shield
rPois  +         rCorr    .     (helmet restricted)
rElec  .         rRot     .     x - +0 cloak
SustAb . .       Spirit   .     (no gloves)
rMut   .         Warding  .     (no boots)
Saprov . . .     Stasis   .     (no amulet)
MR     .....                    (no ring)
                                h - ring of protection from fire

@: heroism, not resistant to hostile enchantments, very unstealthy
A: retaliatory headbutt, horns 2
a: Heroism, Renounce Religion


You were on level 6 of the Dungeon.
You worshipped Okawaru.
Okawaru was pleased with you.
You were not hungry.

You visited 1 branch of the dungeon, and saw 6 of its levels.

You collected 152 gold pieces.

Inventory:

Hand weapons
 a - a +0,-1 flail (weapon)
Armour
 c - a -1 shield (worn)
 r - a +0 scale mail of poison resistance (worn)
 x - a +0 cloak (worn)
Magical devices
 o - a wand of enslavement (19)
 q - a wand of flame (0)
Comestibles
 d - 4 bread rations
 f - a sausage
 i - a honeycomb
 k - 2 apples
 t - 7 sultanas
 A - a chunk of hound flesh
Scrolls
 b - 5 scrolls of identify
 s - a scroll of remove curse
Jewellery
 h - a ring of protection from fire (left hand)
 l - an uncursed amulet of stasis
 m - an uncursed ring of teleportation
 y - a +5,+2 ring of slaying {unknown}
Potions
 e - a potion of invisibility {unknown}
 g - 2 potions of heal wounds
 j - a potion of brilliance {unknown}
 n - a potion of curing {unknown}
 u - a potion of restore abilities {unknown}
 v - 2 potions of degeneration {unknown}
 w - a potion of mutation {unknown}
 z - a potion of resistance {unknown}
Books
 p - Jessica's Disquisition on Enhancements
   (You found it on level 3 of the Dungeon)

   Spells                             Type                      Level
   Shroud of Golubria                 Charms/Translocation         2


   Skills:
 - Level 3.6(8.6) Fighting
 + Level 12.2(17.2) Maces & Flails
 - Level 3.6(8.6) Armour
 - Level 3.6(8.6) Shields


You had 7 spell levels left.
You didn't know any spells.

Dungeon Overview and Level Annotations

Branches:
Dungeon (6/15)             Temple (0/1) D:4

Altars:
Makhleb
Okawaru
Yredelemnul

Shops:
D:5 (


Innate Abilities, Weirdness & Mutations

You reflexively headbutt those who attack you in melee.
You have a pair of horns on your head.


Message History

Something hits you. You block the centaur warrior's attack.
You sock the centaur warrior!
The centaur warrior is heavily wounded.
Something hits you but does no damage. The centaur warrior hits you!
* * * LOW HITPOINT WARNING * * *
Your shield and scale mail prevent you from hitting the centaur warrior.
Your headbutt misses the centaur warrior.
The centaur warrior is heavily wounded.
You block its attack.
The centaur warrior hits you but does no damage.
You barely miss the centaur warrior.
The centaur warrior is heavily wounded.
Something hits you!
* * * LOW HITPOINT WARNING * * *
You block the centaur warrior's attack.
You hit the centaur warrior but do no damage.
You headbutt the centaur warrior!
The centaur warrior is severely wounded.
Something hits you.
You die...

##+ ##. #.. #. #.#
#. #.# ### ####
###+###.# #..
##...##.......#
#..
#$....#.......#
#..
#(....c..8....###
#.. #@........#
#..
#.......#.######..
###'#####......'..
##...##+..######..
#.....##### #..
#.....# ###
#.....# ##...##
#####


You could see a centaur warrior.

Vanquished Creatures
  Grinder (D:3)
  Eustachio (D:4)
  A sky beast (D:6)
  An ogre (D:4)
  A centaur (D:5)
  Duvessa (D:5)
  Blork the orc (D:4)
  A scorpion (D:5)
  Dowan (D:5)
  A crimson imp (D:5)
  4 hounds
  A jelly (D:5)
  Crazy Yiuf (D:5)
  An orc priest (D:5)
  An iguana (D:5)
  2 worker ants (D:4)
  A sky beast zombie (D:5)
  Jessica (D:3)
  A green rat (D:4)
  8 adders
  A giant mite (D:4)
  2 worms
  An iguana zombie (D:4)
  A giant eyeball (D:4)
  6 giant geckos
  13 orcs
  3 ball pythons
  15 bats
  2 bat skeletons (D:4)
  5 giant cockroaches
  8 hobgoblins
  2 quokkas (D:3)
  3 giant newts
  A giant newt skeleton (D:5)
  14 goblins
  A goblin skeleton (D:4)
  2 jackals (D:4)
  8 kobolds
  A kobold skeleton (D:4)
  8 rats
  A rat skeleton (D:4)
129 creatures vanquished.

Notes
Turn   | Place    | Note
--------------------------------------------------------------
     0 | D:1      | Kae, the Minotaur Fighter, began the quest for the Orb.
     0 | D:1      | Reached XP level 1. HP: 19/19 MP: 1/1
   117 | D:1      | Reached XP level 2. HP: 24/26 MP: 1/1
   655 | D:2      | Reached skill level 4 in Maces & Flails
   668 | D:2      | Reached XP level 3. HP: 27/31 MP: 2/2
   832 | D:2      | Reached skill level 5 in Maces & Flails
   860 | D:2      | Reached XP level 4. HP: 22/39 MP: 2/2
  1384 | D:3      | Found an iron altar of Okawaru.
  1384 | D:3      | Found a burning altar of Makhleb.
  1427 | D:3      | Found a basalt altar of Yredelemnul.
  1480 | D:3      | Became a worshipper of Warmaster Okawaru
  1671 | D:3      | Noticed Jessica
  1674 | D:3      | Killed Jessica
  1674 | D:3      | Reached skill level 6 in Maces & Flails
  1688 | D:3      | Identified Jessica's Disquisition on Enhancements
  1936 | D:3      | Noticed Grinder
  1949 | D:3      | Killed Grinder
  1949 | D:3      | Reached skill level 8 in Maces & Flails
  1949 | D:3      | Reached XP level 5. HP: 13/45 MP: 2/2
  1949 | D:3      | Reached XP level 6. HP: 14/51 MP: 3/3
  2552 | D:4      | Noticed Blork the orc
  2563 | D:4      | Killed Blork the orc
  2563 | D:4      | Acquired Okawaru's first power
  2567 | D:4      | Noticed Eustachio
  2854 | D:4      | Reached skill level 9 in Maces & Flails
  2854 | D:4      | Reached XP level 7. HP: 34/57 MP: 3/3
  3154 | D:4      | Killed Eustachio
  3154 | D:4      | Reached skill level 10 in Maces & Flails
  3446 | D:4      | Found a staircase to the Ecumenical Temple.
  3825 | D:5      | Entered Level 5 of the Dungeon
  4002 | D:5      | Found Phalya's Antique Weapon Boutique.
  4093 | D:5      | Noticed Dowan
  4096 | D:5      | Noticed Duvessa
  4117 | D:5      | Killed Duvessa
  4117 | D:5      | Reached skill level 11 in Maces & Flails
  4117 | D:5      | Reached XP level 8. HP: 23/64 MP: 0/3
  4163 | D:5      | Killed Dowan
  4456 | D:5      | Noticed Crazy Yiuf
  4465 | D:5      | Killed Crazy Yiuf
  4722 | D:6      | Reached skill level 12 in Maces & Flails
  4807 | D:6      | Noticed a centaur warrior
  4818 | D:6      | Slain by an unseen horror

Action                   |  1- 3 |  4- 6 |  7- 9 || total
-------------------------+-------+-------+-------++-------
Melee: Flail             |    60 |   133 |   191 ||   384
Invok: Heroism           |       |       |     3 ||     3
Evoke: Wand              |       |       |     1 ||     1
  Use: Scroll            |       |     6 |     5 ||    11
       Potion            |       |     1 |     2 ||     3
